Construct Section Command Post
Selects Heavy Armor Battlegroup
Selects Heavy Armor Battlegroup
Construct Platoon Command Post
6-pounder Anti-tank Gun Team
Selects Engineer Detachments
Construct Field Infirmary
Unlock M3 Stuart Light Tanks
Selects Light Vehicle Withdraw and Refit
Light Vehicle Withdraw and Refit
6-pounder Anti-tank Gun Team
Selects Designate Targets
Unlock Bishop Self-propelled Artillery
Bishop Self-propelled Artillery